General information
- name: BNet
- type: Ladder team game (AT/RT)
- host: Battle.net
- saver: K0DOS.F0RSAKEN.
map: FullScaleAssault
- players: 8
- length: 23:13
- speed: Fast
- version: 1.24 W3XP
- replay type: Public
» download(97 KB)
Players
team 1 (winner)
K0DOS.F0RSAKEN. (
green | 43 APM | 987 actions | 23:13)
7 Mountain King
3 Storm Bolt
3 Bash
1 Avatar
» actions
| Assign group hotkey | 6 | |
| Basic commands | 2 | |
| Build / train | 87 | |
| Enter build submenu | 23 | |
| Enter hero's abilities submenu | 7 | |
| Give item / drop item | 1 | |
| Remove unit from queue | 1 | |
| Right click | 341 | |
| Select / deselect | 119 | |
| Select group hotkey | 320 | |
| Use ability | 80 | |
987 total
» units
| Peasant | 24 | |
| Goblin Shredder | 2 | |
26 total
» upgrades
| Masonry | 3 | |
| Lumber Harvesting | 2 | |
| Magic Sentry | 1 | |
| Priest Training | 2 | |
| Sorceress Training | 1 | |
9 total
» buildings
| Farm | 4 | |
| Altar of Kings | 1 | |
| Scout Tower | 44 | |
| Lumber Mill | 3 | |
| Arcane Tower | 1 | |
| Guard Tower | 34 | |
| Arcane Vault | 2 | |
| Keep | 2 | |
| Town Hall | 3 | |
| Arcane Sanctum | 1 | |
| Castle | 4 | |
99 total
» build order
00:12 Farm
00:38 Altar of Kings
01:23 Scout Tower
01:37 Lumber Mill
01:52 Farm
01:56 Arcane Tower
02:58 Scout Tower
02:59 Scout Tower
03:00 Scout Tower
03:01 Scout Tower
03:05 Scout Tower
03:07 Scout Tower
03:08 Scout Tower
03:09 Scout Tower
03:10 Scout Tower
03:11 Scout Tower
03:25 Farm
03:31 Guard Tower
03:53 Guard Tower
03:56 Guard Tower
04:01 Guard Tower
04:20 Guard Tower
04:28 Guard Tower
04:34 Arcane Vault
04:56 Guard Tower
05:14 Keep
06:01 Scout Tower
06:02 Scout Tower
06:03 Scout Tower
06:03 Scout Tower
06:04 Scout Tower
06:06 Scout Tower
06:33 Guard Tower
06:33 Guard Tower
06:41 Scout Tower
06:43 Scout Tower
06:59 Guard Tower
06:59 Guard Tower
07:15 Guard Tower
07:32 Scout Tower
07:34 Scout Tower
07:34 Scout Tower
07:35 Scout Tower
07:35 Scout Tower
07:35 Scout Tower
07:36 Scout Tower
07:37 Scout Tower
07:39 Scout Tower
08:08 Guard Tower
08:26 Town Hall
08:38 Arcane Vault
08:49 Guard Tower
09:02 Lumber Mill
09:14 Guard Tower
09:30 Guard Tower
09:38 Guard Tower
09:50 Scout Tower
09:50 Scout Tower
09:51 Scout Tower
09:52 Scout Tower
09:52 Scout Tower
10:14 Arcane Sanctum
10:22 Guard Tower
10:36 Scout Tower
10:36 Scout Tower
10:38 Scout Tower
10:38 Scout Tower
10:39 Scout Tower
10:39 Scout Tower
10:39 Scout Tower
10:51 Lumber Mill
10:52 Guard Tower
10:53 Guard Tower
10:55 Guard Tower
11:02 Guard Tower
11:15 Farm
11:21 Scout Tower
11:22 Scout Tower
11:23 Scout Tower
11:25 Guard Tower
11:41 Guard Tower
11:42 Guard Tower
11:51 Castle
12:29 Guard Tower
12:33 Keep
12:40 Guard Tower
12:40 Guard Tower
12:47 Town Hall
13:00 Guard Tower
13:00 Guard Tower
13:33 Town Hall
13:50 Guard Tower
15:19 Castle
» items
| Staff of Teleportation | 1 | |
| Potion of Invisibility | 1 | |
2 total
LiCKiTyTiTs (
purple | 21 APM | 498 actions | 23:11)
8 Warden
2 Shadow Strike
3 Fan of Knives
2 Blink
1 Spirit of Vengeance
» actions
| Build / train | 85 | |
| Enter build submenu | 15 | |
| Enter hero's abilities submenu | 8 | |
| Give item / drop item | 3 | |
| Remove unit from queue | 3 | |
| Right click | 165 | |
| Select / deselect | 184 | |
| Use ability | 35 | |
498 total
» units
| Wisp | 26 | |
| Archer | 22 | |
| Goblin Zeppelin | 1 | |
| Hippogryph | 12 | |
61 total
» upgrades
| Improved Bows | 1 | |
| Hippogryph Taming | 1 | |
| Marksmanship | 1 | |
| Strength of the Wild | 0 | |
| Strength of the Moon | 3 | |
| Moon Armor | 2 | |
8 total
» buildings
| Altar of Elders | 1 | |
| Moon Well | 7 | |
| Ancient of War | 2 | |
| Tree of Ages | 1 | |
| Hunter's Hall | 1 | |
| Tree of Life | 2 | |
| Tree of Eternity | 1 | |
| Ancient of Wind | 2 | |
17 total
» build order
01:06 Altar of Elders
01:20 Moon Well
01:39 Ancient of War
01:51 Ancient of War
02:39 Moon Well
03:48 Tree of Ages
04:55 Moon Well
05:03 Hunter's Hall
05:54 Moon Well
06:46 Tree of Life
09:11 Tree of Eternity
09:35 Tree of Life
09:54 Ancient of Wind
09:59 Ancient of Wind
13:56 Moon Well
15:14 Moon Well
17:03 Moon Well
Quickscope (
orange | 24 APM | 561 actions | 23:11)
6 Dreadlord
3 Vampiric Aura
2 Carrion Swarm
1 Inferno
» actions
| Basic commands | 26 | |
| Build / train | 64 | |
| Enter build submenu | 15 | |
| Enter hero's abilities submenu | 6 | |
| Give item / drop item | 1 | |
| Right click | 158 | |
| Select / deselect | 244 | |
| Use ability | 47 | |
561 total
» units
| Acolyte | 3 | |
| Ghoul | 5 | |
| Gargoyle | 5 | |
| Abomination | 31 | |
44 total
» upgrades
| Unholy Armor | 3 | |
| Unholy Strength | 2 | |
| Cannibalize | 1 | |
| Ghoul Frenzy | 1 | |
| Disease Cloud | 1 | |
8 total
» buildings
| Crypt | 1 | |
| Ziggurat | 8 | |
| Altar of Darkness | 1 | |
| Nerubian Tower | 2 | |
| Graveyard | 1 | |
| Halls of the Dead | 1 | |
| Tomb of Relics | 1 | |
| Spirit Tower | 1 | |
| Black Citadel | 1 | |
| Slaughterhouse | 2 | |
19 total
» build order
00:13 Crypt
00:24 Ziggurat
00:49 Altar of Darkness
01:11 Ziggurat
02:07 Nerubian Tower
02:26 Graveyard
02:48 Ziggurat
03:48 Ziggurat
04:22 Halls of the Dead
04:58 Ziggurat
05:52 Tomb of Relics
05:54 Spirit Tower
06:37 Ziggurat
06:42 Nerubian Tower
06:45 Black Citadel
07:28 Slaughterhouse
07:38 Slaughterhouse
13:27 Ziggurat
13:31 Ziggurat
Uppercross (
pink | 34 APM | 786 actions | 23:11)
7 Tauren Chieftain
3 Endurance Aura
2 War Stomp
1 Reincarnation
1 Shockwave
» actions
| Assign group hotkey | 30 | |
| Basic commands | 42 | |
| Build / train | 70 | |
| ESC pressed | 1 | |
| Enter build submenu | 18 | |
| Enter hero's abilities submenu | 8 | |
| Remove unit from queue | 2 | |
| Right click | 217 | |
| Select / deselect | 207 | |
| Select group hotkey | 152 | |
| Use ability | 39 | |
786 total
» units
| Peon | 15 | |
| Grunt | 15 | |
| Tauren | 5 | |
| Shaman | 4 | |
| Troll Witch Doctor | 3 | |
42 total
» upgrades
| Melee Weapons | 3 | |
| Pillage | 1 | |
| Armor | 3 | |
| Spiked Barricades | 2 | |
| Berserker Strength | 1 | |
| Shaman Training | 2 | |
| Witch Doctor Training | 2 | |
| Pulverize | 1 | |
| Reinforced Defenses | 1 | |
16 total
» buildings
| Altar of Storms | 1 | |
| Orc Burrow | 9 | |
| Barracks | 1 | |
| War Mill | 1 | |
| Watch Tower | 3 | |
| Stronghold | 1 | |
| Great Hall | 1 | |
| Voodoo Lounge | 1 | |
| Fortress | 1 | |
| Spirit Lodge | 3 | |
| Tauren Totem | 2 | |
24 total
» build order
00:13 Altar of Storms
00:19 Orc Burrow
00:37 Barracks
01:51 Orc Burrow
02:22 War Mill
02:33 Orc Burrow
04:03 Watch Tower
04:05 Watch Tower
04:07 Watch Tower
06:21 Stronghold
07:34 Great Hall
08:23 Orc Burrow
08:33 Voodoo Lounge
10:21 Fortress
10:58 Spirit Lodge
10:59 Spirit Lodge
11:49 Spirit Lodge
12:51 Tauren Totem
12:53 Tauren Totem
12:58 Orc Burrow
12:59 Orc Burrow
17:36 Orc Burrow
17:37 Orc Burrow
17:39 Orc Burrow
team 2 (loser)
I_Am_Error (
blue | 36 APM | 36 actions | 00:59)
» actions
| Build / train | 2 | |
| Enter build submenu | 7 | |
| Remove unit from queue | 1 | |
| Right click | 7 | |
| Select / deselect | 13 | |
| Use ability | 6 | |
36 total
» units
» buildings
| Altar of Darkness | 2 | |
| Ziggurat | 3 | |
| Crypt | 1 | |
6 total
» build order
00:06 Altar of Darkness
00:11 Ziggurat
00:29 Altar of Darkness
00:35 Ziggurat
00:39 Ziggurat
00:49 Crypt

»
Laaggg (
teal | 0 APM | 0 actions | 00:04)
OLDKILLER1 (
yellow | 38 APM | 877 actions | 23:11)
2 Archmage
1 Summon Water Elemental
1 Blizzard
1 Death Knight
1 Death Pact
» actions
| Build / train | 190 | |
| Enter build submenu | 53 | |
| Enter hero's abilities submenu | 3 | |
| Right click | 187 | |
| Select / deselect | 372 | |
| Use ability | 72 | |
877 total
» units
| Peasant | 9 | |
| Acolyte | 17 | |
| Ghoul | 10 | |
| Footman | 17 | |
| Crypt Fiend | 12 | |
| Rifleman | 5 | |
| Gargoyle | 4 | |
| Flying Machine | 17 | |
| Siege Engine | 18 | |
| Frost Wyrm | 13 | |
| Knight | 2 | |
124 total
» upgrades
| Defend | 1 | |
| Web | 1 | |
| Masonry | 3 | |
| Armor | 2 | |
| Gunpowder | 2 | |
| Lumber Harvesting | 2 | |
| Flak Cannons | 1 | |
| Flying Machine Bombs | 1 | |
| Barrage | 1 | |
| Animal War Training | 1 | |
| Plating | 1 | |
| Swords | 1 | |
| Freezing Breath | 1 | |
| Fragmentation Shards | 1 | |
19 total
» buildings
| Farm | 12 | |
| Altar of Kings | 1 | |
| Barracks | 2 | |
| Crypt | 1 | |
| Scout Tower | 12 | |
| Ziggurat | 13 | |
| Blacksmith | 1 | |
| Lumber Mill | 1 | |
| Graveyard | 1 | |
| Halls of the Dead | 1 | |
| Guard Tower | 10 | |
| Nerubian Tower | 2 | |
| Spirit Tower | 9 | |
| Keep | 4 | |
| Black Citadel | 1 | |
| Sacrificial Pit | 1 | |
| Workshop | 2 | |
| Castle | 1 | |
| Necropolis | 1 | |
| Arcane Tower | 1 | |
| Gryphon Aviary | 1 | |
| Boneyard | 1 | |
| Cannon Tower | 1 | |
80 total
» build order
00:21 Farm
00:26 Altar of Kings
00:53 Barracks
01:17 Crypt
01:28 Farm
01:52 Barracks
02:25 Farm
02:31 Scout Tower
02:51 Ziggurat
03:10 Blacksmith
03:18 Lumber Mill
03:25 Scout Tower
03:31 Ziggurat
03:53 Graveyard
03:57 Halls of the Dead
04:09 Farm
04:46 Farm
04:48 Guard Tower
04:51 Farm
04:53 Guard Tower
05:09 Nerubian Tower
05:33 Farm
06:11 Spirit Tower
06:34 Keep
06:35 Keep
06:35 Keep
08:11 Black Citadel
08:17 Scout Tower
08:21 Scout Tower
08:43 Ziggurat
08:47 Spirit Tower
08:51 Ziggurat
08:55 Guard Tower
08:57 Guard Tower
08:59 Scout Tower
09:04 Scout Tower
09:21 Sacrificial Pit
09:37 Workshop
09:39 Guard Tower
09:41 Castle
10:05 Necropolis
10:29 Arcane Tower
10:38 Gryphon Aviary
10:46 Spirit Tower
10:48 Spirit Tower
11:47 Boneyard
13:00 Ziggurat
13:13 Ziggurat
13:45 Ziggurat
13:55 Ziggurat
14:09 Spirit Tower
14:13 Spirit Tower
14:17 Ziggurat
14:40 Scout Tower
14:48 Ziggurat
14:50 Nerubian Tower
14:52 Spirit Tower
15:00 Ziggurat
15:12 Guard Tower
15:15 Scout Tower
15:20 Farm
15:25 Farm
16:52 Spirit Tower
16:55 Ziggurat
17:30 Guard Tower
17:34 Workshop
17:38 Farm
18:45 Spirit Tower
18:50 Farm
19:00 Ziggurat
19:44 Farm
20:25 Scout Tower
21:01 Scout Tower
21:02 Guard Tower
21:37 Cannon Tower
21:39 Scout Tower
22:16 Scout Tower
22:17 Guard Tower
mattcseguin (
red | 28 APM | 627 actions | 22:02)
3 Death Knight
2 Death Coil
1 Death Pact
1 Blood Mage
1 Flame Strike
1 Archmage
1 Summon Water Elemental
1 Crypt Lord
1 Carrion Beetles
1 Beastmaster
1 Summon Bear
1 Lich
1 Frost Nova
» actions
| Basic commands | 5 | |
| Build / train | 123 | |
| Enter build submenu | 24 | |
| Enter hero's abilities submenu | 9 | |
| Remove unit from queue | 3 | |
| Right click | 161 | |
| Select / deselect | 248 | |
| Use ability | 54 | |
627 total
» units
| Peasant | 7 | |
| Ghoul | 19 | |
| Footman | 2 | |
| Flying Machine | 33 | |
| Rifleman | 2 | |
| Crypt Fiend | 3 | |
| Gargoyle | 3 | |
| Gryphon Rider | 11 | |
80 total
» upgrades
| Cannibalize | 2 | |
| Lumber Harvesting | 1 | |
| Long Rifles | 1 | |
| Flak Cannons | 1 | |
| Flying Machine Bombs | 1 | |
| Unholy Strength | 1 | |
| Creature Attack | 1 | |
| Web | 1 | |
| Burrow | 1 | |
| Flare | 1 | |
| Fragmentation Shards | 1 | |
12 total
» buildings
| Altar of Kings | 1 | |
| Farm | 7 | |
| Crypt | 1 | |
| Barracks | 1 | |
| Graveyard | 1 | |
| Ziggurat | 5 | |
| Keep | 1 | |
| Blacksmith | 1 | |
| Scout Tower | 9 | |
| Lumber Mill | 1 | |
| Workshop | 1 | |
| Guard Tower | 2 | |
| Castle | 1 | |
| Halls of the Dead | 1 | |
| Black Citadel | 1 | |
| Sacrificial Pit | 1 | |
| Spirit Tower | 2 | |
| Nerubian Tower | 5 | |
| Gryphon Aviary | 1 | |
| Boneyard | 1 | |
| Slaughterhouse | 1 | |
45 total
» build order
00:12 Altar of Kings
00:18 Farm
00:19 Farm
00:20 Farm
00:21 Farm
00:24 Farm
00:49 Crypt
01:38 Barracks
03:16 Graveyard
04:00 Ziggurat
04:25 Keep
04:37 Ziggurat
04:59 Ziggurat
05:11 Blacksmith
06:37 Scout Tower
06:37 Scout Tower
06:38 Scout Tower
06:39 Scout Tower
06:40 Scout Tower
06:41 Scout Tower
06:41 Scout Tower
07:11 Farm
07:31 Lumber Mill
07:56 Workshop
09:22 Guard Tower
09:35 Castle
09:51 Farm
10:18 Halls of the Dead
11:58 Guard Tower
12:41 Black Citadel
12:51 Sacrificial Pit
13:16 Spirit Tower
13:17 Nerubian Tower
13:20 Nerubian Tower
13:29 Nerubian Tower
13:53 Gryphon Aviary
17:33 Ziggurat
17:38 Boneyard
18:16 Slaughterhouse
18:32 Nerubian Tower
18:36 Ziggurat
21:05 Nerubian Tower
21:07 Spirit Tower
Chat log
(00:03 / All) Laaggg: WTF
(01:05 / All) K0DOS.F0RSAKEN.: gg
(01:51 / Allies) Quickscope: i got aboms
(02:02 / Allies) Quickscope: no wait i got gargs and wyms
(02:12 / Allies) Uppercross: then i'll go grunts tauren
(03:19 / Allies) K0DOS.F0RSAKEN.: wood
(05:22 / Allies) Quickscope: pink wanna creeep?
(05:28 / Allies) Uppercross: Sure
(05:34 / Allies) Quickscope: kk lead
(08:14 / Allies) K0DOS.F0RSAKEN.: gold?
(08:32 / Allies) Quickscope: go pink
(10:55 / Allies) Quickscope: go pink
(12:05 / Allies) K0DOS.F0RSAKEN.: why do i get the feeling all of them are afk
(12:13 / Allies) Quickscope: no idea lol
(12:13 / Allies) Uppercross: They're teching
(12:20 / Allies) K0DOS.F0RSAKEN.: you dont know that pink
(12:54 / Allies) Quickscope: go pink
(14:00 / Allies) Quickscope: lets go hit
(14:02 / Allies) K0DOS.F0RSAKEN.: you guys like my towers? nobody has comented on them
(14:10 / Allies) Quickscope: holy
(14:13 / Allies) Uppercross: Pricey
(14:15 / Allies) Quickscope: i didnt see em lol
(14:16 / Allies) LiCKiTyTiTs: get lvl 5 hero first
(14:57 / Allies) Quickscope: go hit
(15:17 / Allies) Uppercross: Need wood
(16:57 / Allies) K0DOS.F0RSAKEN.: i have no idea how you didn't see my towers
(18:22 / Allies) Quickscope: go hit blue
(19:18 / All) K0DOS.F0RSAKEN.: did you guys even see my towers
(19:37 / Allies) Quickscope: next
(19:48 / Allies) LiCKiTyTiTs: dont u have every icon kodos
(19:54 / Allies) K0DOS.F0RSAKEN.: im his friend lawl
(20:03 / Allies) Quickscope: lets go
(20:27 / Allies) Quickscope: pink come
(20:39 / Allies) Uppercross: Was healing.
(21:51 / Allies) K0DOS.F0RSAKEN.: i usually stab in these type of games, to be honestly i considered it this game
(22:03 / Allies) Quickscope: whats stab?